AoeStats
← 烏雲中

Arena

509048086Analyzed
1v1 RM · 7d ago on Sep 25, 2026· 22m 7s· 2 players
Game mode
Random Map
Map size
Tiny (2 player)
Population
200
Speed
Normal
Resources
Standard
Victory
Conquest
Starting age
Dark Age
Ending age
Imperial Age
RankedLock teamsTeams togetherTeam positionsShared explorationLock speedFull tech treeHidden civsTurbo modeCheats
Victory
Defeat
🇹🇼 Varangians · Taiwan
1095
+18
🇹🇼 Saxons · Taiwan
1133
-18
持田志哲
7:03 Loom
10:07 Feudal Age
14:17 Castle Age
13:52 Double-Bit Axe
烏雲中
10:26 Feudal Age
14:11 Castle Age
12:04 Double-Bit Axe
12:09 Horse Collar
13:53 Loom
16:03 Bow Saw
Connection lost

Rejoining the realm…

Still unreachable

The connection could not be restored.

Session expired

The server has moved on; the page needs a fresh start.